Flyers vs Rangers

Created - December 11, 2023 at 14:01

Goals
1 2 3 T
Flyers 2 0 0 2
Rangers 1 2 1 4
Shots
1 2 3 T
Flyers 15 3 7 25
Rangers 7 12 12 31

GoalsPenalties
1st period
1. Flyers , Jared McCann 5 (Aaron Ekblad 15, Eetu Luostarinen 9) at 0:52
2. Flyers , Erik Johnson 2 (Kevin Stenlund 2, Sam Lafferty 4) at 5:41
3. Rangers , Eric Robinson 8 (Mario Ferraro 13, Casey Mittelstadt 11) at 19:54
Jesse Puljujarvi (NYR) for Roughing (Minor) at 13:56
2nd period
4. Rangers , Mario Ferraro 5 (Juuso Parssinen 7) at 2:05 (PP)
5. Rangers , Ryan Lomberg 2 (Artem Zub 13, Martin Fehervary 8) at 15:01
Joel Farabee (PHI) for Hooking (Minor) at 0:15
Brandon Tanev (PHI) for Tripping (Minor) at 7:38
3rd period
6. Rangers , Martin Fehervary 7 (Artem Zub 14, Nick Bonino 9) at 11:29
Jesse Puljujarvi (NYR) for Delaying the game (Minor) at 4:56
Jared McCann (PHI) for Tripping (Minor) at 4:56
Aaron Ekblad (PHI) for High sticking (Minor) at 14:17
Goalie Stats
Linus Ullmark (PHI), 27 saves from 31 shots - (0.871), L, 15-9-3, 60:00 minutes
Logan Thompson (NYR), 23 saves from 25 shots - (0.920), W, 4-7-1, 60:00 minutes
3 StarsOfficial
1 - Martin Fehervary (NYR)
2 - Artem Zub (NYR)
3 - Mario Ferraro (NYR)
Referees : Shaun Davis and Tom Chmielewski
Linesman : Luke Galvin and Jim Harper
Game Note
No Game Note
Finance
Level 1 -- Attendance: 6314 (97.14%) -- Ticket Income $726,110
Level 2 -- Attendance: 3648 (72.96%) -- Ticket Income $346,560
Level 3 -- Attendance: 3363 (96.09%) -- Ticket Income $235,410
Level 4 -- Attendance: 2006 (100.00%) -- Ticket Income $100,300
Luxury Box -- Attendance: 874 (87.40%) -- Ticket Income $174,800
Game was played at the Madison Square Garden.
Total Attendance: 16205 (90.00%)
Total Ticket Income: $1,583,180
Other Income: $395,795
Total Income: $1,978,975



Team Name Goals Shots Shots Attemp Shots Blocked PIM HIT PP PK FO%
Flyers 2255868100 / 1 (0%)148%
Rangers 43153104331 / 3 (33%)052%

Flyers
Player Name POS G A P +/- PIM HIT SHT SB MP PP MP PP SHT PK MP PK SHT FO% FOT
Aaron EkbladD011-2220020:461:2502:0500% 0
Alex PietrangeloD0000003124:430:3412:5600% 0
Brandon TanevLW0000212011:090:0000:0000% 4
Calle JarnkrokC0000001015:130:0003:07033% 9
Cole SmithLW000100009:400:0000:000100% 1
Dante FabbroD0001000013:450:0000:0200% 0
Eetu LuostarinenC0110016016:380:3414:12056% 25
Erik JohnsonD1011011014:300:0000:4700% 0
Jake DeBruskLW0000012013:220:3410:000100% 3
Jared McCannLW1010215014:521:2501:3600% 1
Joel FarabeeLW000-2221019:100:3401:050100% 1
Johnny GaudreauLW000-2002020:001:2500:0000% 0
Kevin StenlundC011100009:400:0000:0000% 1
Mika ZibanejadC000-2001021:361:2501:36052% 25
Sam LaffertyC011100119:400:0000:00043% 7
Tomas TatarLW0000000011:100:0000:0000% 2
Victor HedmanD0000010125:341:2502:5600% 0
Vince DunnD000-2000320:410:3402:5000% 0
Rangers
Player Name POS G A P +/- PIM HIT SHT SB MP PP MP PP SHT PK MP PK SHT FO% FOT
Adam ErneLW0000002012:400:0000:160100% 1
Anthony BeauvillierLW0001021017:043:2310:0000% 1
Artem ZubD0222052121:252:5211:0100% 0
Caleb JonesD0000010117:220:0000:5800% 0
Casey MittelstadtC0110001113:590:0001:02048% 21
Eric RobinsonLW1010032013:090:0000:4100% 0
Jack QuinnRW0000002114:492:2510:0000% 0
Jesse PuljujarviRW0001410015:323:2300:0000% 1
Juuso ParssinenC0110012016:052:2500:00050% 18
Kent JohnsonC0000005116:343:2310:00083% 6
Luke KuninC0000021013:050:0000:41075% 12
Luke SchennD000-1040121:132:5600:0000% 0
Mario FerraroD112-1024422:112:5640:5800% 0
Martin FehervaryD1122052021:252:5211:0100% 0
Nick BoninoC0111011014:590:0001:18040% 15
Riley StillmanD0000010016:240:0000:0000% 0
Ryan LombergLW1010043013:110:0000:00050% 2
Yegor ChinakhovRW0000013014:532:2500:0000% 2



Play-by-Play

1st period


0:01 of 1st period - Mika Zibanejad wins face-off versus Nick Bonino in neutral zone.
0:25 of 1st period - Joel Farabee is hit by Martin Fehervary and loses puck.
0:44 of 1st period - Off-side.
0:45 of 1st period - Eetu Luostarinen wins face-off versus Casey Mittelstadt in neutral zone.
0:52 of 1st period - Shot by Jared McCann.
0:52 of 1st period - Goal by Jared McCann - Flyers : 1 - Rangers : 0.
0:53 of 1st period - Luke Kunin wins face-off versus Calle Jarnkrok in neutral zone.
1:11 of 1st period - Off-side.
1:12 of 1st period - Eetu Luostarinen wins face-off versus Juuso Parssinen in neutral zone.
1:12 of 1st period - Eetu Luostarinen is hit by Ryan Lomberg.
1:23 of 1st period - Shot by Ryan Lomberg.
1:23 of 1st period - Stopped by Linus Ullmark without a rebound.
1:24 of 1st period - Sam Lafferty wins face-off versus Casey Mittelstadt in Flyers zone.
1:30 of 1st period - Off-side.
1:31 of 1st period - Eetu Luostarinen wins face-off versus Juuso Parssinen in neutral zone.
1:31 of 1st period - Eetu Luostarinen is hit by Ryan Lomberg.
1:37 of 1st period - Shot by Jared McCann.
1:37 of 1st period - Stopped by Logan Thompson without a rebound.
1:38 of 1st period - Cole Smith wins face-off versus Casey Mittelstadt in Rangers zone.
1:44 of 1st period - Off-side.
1:45 of 1st period - Luke Kunin wins face-off versus Eetu Luostarinen in neutral zone.
1:45 of 1st period - Jack Quinn is hit by Jake DeBrusk and loses puck.
1:52 of 1st period - Shot by Jared McCann.
1:52 of 1st period - Stopped by Logan Thompson without a rebound.
1:53 of 1st period - Juuso Parssinen wins face-off versus Calle Jarnkrok in Rangers zone.
2:15 of 1st period - Icing by Erik Johnson.
2:16 of 1st period - Calle Jarnkrok wins face-off versus Casey Mittelstadt in Flyers zone.
2:27 of 1st period - Erik Johnson is hit by Eric Robinson and loses puck.
2:43 of 1st period - Shot by Calle Jarnkrok.
2:43 of 1st period - Stopped by Logan Thompson without a rebound.
2:44 of 1st period - Adam Erne wins face-off versus Mika Zibanejad in Rangers zone.
2:44 of 1st period - Adam Erne is hit by Joel Farabee.
3:03 of 1st period - Victor Hedman is hit by Luke Kunin.
3:23 of 1st period - Victor Hedman is hit by Luke Kunin.
3:53 of 1st period - Icing by Eetu Luostarinen.
3:54 of 1st period - Juuso Parssinen wins face-off versus Eetu Luostarinen in Flyers zone.
4:52 of 1st period - Vince Dunn is hit by Mario Ferraro and loses puck.
5:13 of 1st period - Shot by Dante Fabbro.
5:13 of 1st period - Shot Misses the Net.
5:15 of 1st period - Shot by Cole Smith.
5:15 of 1st period - Shot Misses the Net.
5:17 of 1st period - Shot by Cole Smith.
5:17 of 1st period - Shot Blocked by Kent Johnson.
5:19 of 1st period - Shot by Cole Smith.
5:19 of 1st period - Shot Misses the Net.
5:21 of 1st period - Shot by Sam Lafferty.
5:21 of 1st period - Shot Blocked by Luke Schenn.
5:29 of 1st period - Shot by Cole Smith.
5:29 of 1st period - Shot Blocked by Mario Ferraro.
5:31 of 1st period - Shot by Sam Lafferty.
5:31 of 1st period - Shot Blocked by Mario Ferraro.
5:39 of 1st period - Shot by Sam Lafferty.
5:39 of 1st period - Deflect By Kevin Stenlund.
5:39 of 1st period - Shot Blocked by Mario Ferraro.
5:41 of 1st period - Shot by Erik Johnson.
5:41 of 1st period - Goal by Erik Johnson - Flyers : 2 - Rangers : 0.
5:42 of 1st period - Mika Zibanejad wins face-off versus Nick Bonino in neutral zone.
5:47 of 1st period - Shot by Johnny Gaudreau.
5:47 of 1st period - Shot Misses the Net.
5:49 of 1st period - Shot by Johnny Gaudreau.
5:49 of 1st period - Shot Misses the Net.
6:06 of 1st period - Mika Zibanejad is hit by Caleb Jones and loses puck.
6:19 of 1st period - Shot by Mika Zibanejad.
6:19 of 1st period - Shot Misses the Net.
6:21 of 1st period - Shot by Alex Pietrangelo.
6:21 of 1st period - Stopped by Logan Thompson with a rebound.
6:51 of 1st period - Shot by Calle Jarnkrok.
6:51 of 1st period - Shot Blocked by Casey Mittelstadt.
7:33 of 1st period - Shot by Eetu Luostarinen.
7:33 of 1st period - Stopped by Logan Thompson with a rebound.
7:35 of 1st period - Shot by Eetu Luostarinen.
7:35 of 1st period - Stopped by Logan Thompson without a rebound.
7:36 of 1st period - Sam Lafferty wins face-off versus Luke Kunin in Rangers zone.
8:12 of 1st period - Shot by Cole Smith.
8:12 of 1st period - Shot Misses the Net.
8:37 of 1st period - Shot by Dante Fabbro.
8:37 of 1st period - Shot Misses the Net.
8:45 of 1st period - Shot by Joel Farabee.
8:45 of 1st period - Shot Misses the Net.
10:28 of 1st period - Tomas Tatar is hit by Luke Schenn and loses puck.
10:52 of 1st period - Shot by Yegor Chinakhov.
10:52 of 1st period - Stopped by Linus Ullmark without a rebound.
10:53 of 1st period - Nick Bonino wins face-off versus Mika Zibanejad in Flyers zone.
10:58 of 1st period - Shot by Anthony Beauvillier.
10:58 of 1st period - Shot Misses the Net.
11:32 of 1st period - Johnny Gaudreau is hit by Nick Bonino and loses puck.
12:14 of 1st period - Shot by Juuso Parssinen.
12:14 of 1st period - Stopped by Linus Ullmark without a rebound.
12:15 of 1st period - Calle Jarnkrok wins face-off versus Casey Mittelstadt in Flyers zone.
12:25 of 1st period - Shot by Brandon Tanev.
12:25 of 1st period - Stopped by Logan Thompson without a rebound.
12:26 of 1st period - Sam Lafferty wins face-off versus Juuso Parssinen in Rangers zone.
12:42 of 1st period - Kevin Stenlund is hit by Luke Schenn and loses puck.
12:52 of 1st period - Alex Pietrangelo is hit by Luke Schenn and loses puck.
13:12 of 1st period - Icing by Mario Ferraro.
13:13 of 1st period - Mika Zibanejad wins face-off versus Juuso Parssinen in Rangers zone.
13:13 of 1st period - Vince Dunn is hit by Luke Schenn and loses puck.
13:19 of 1st period - Icing by Kent Johnson.
13:20 of 1st period - Mika Zibanejad wins face-off versus Juuso Parssinen in Rangers zone.
13:25 of 1st period - Shot by Mika Zibanejad.
13:25 of 1st period - Stopped by Logan Thompson with a rebound.
13:33 of 1st period - Shot by Joel Farabee.
13:33 of 1st period - Stopped by Logan Thompson without a rebound.
13:34 of 1st period - Jake DeBrusk wins face-off versus Casey Mittelstadt in Rangers zone.
13:34 of 1st period - Jake DeBrusk is hit by Artem Zub.
13:43 of 1st period - Jared McCann is hit by Artem Zub and loses puck.
13:54 of 1st period - Shot by Artem Zub.
13:54 of 1st period - Stopped by Linus Ullmark without a rebound.
13:55 of 1st period - Mika Zibanejad wins face-off versus Nick Bonino in Flyers zone.
13:55 of 1st period - Mika Zibanejad is hit by Anthony Beauvillier.
13:56 of 1st period - Minor Penalty to Jesse Puljujarvi for Roughing.
13:57 of 1st period - Nick Bonino wins face-off versus Mika Zibanejad in Rangers zone.
15:07 of 1st period - Shot by Vince Dunn.
15:07 of 1st period - Shot Misses the Net.
15:13 of 1st period - Shot by Alex Pietrangelo.
15:13 of 1st period - Shot Blocked by Caleb Jones.
15:15 of 1st period - Shot by Alex Pietrangelo.
15:15 of 1st period - Stopped by Logan Thompson with a rebound.
15:17 of 1st period - Shot by Eetu Luostarinen.
15:17 of 1st period - Stopped by Logan Thompson without a rebound.
15:18 of 1st period - Eetu Luostarinen wins face-off versus Luke Kunin in Rangers zone.
15:21 of 1st period - Shot by Jake DeBrusk.
15:21 of 1st period - Stopped by Logan Thompson without a rebound.
15:22 of 1st period - Luke Kunin wins face-off versus Mika Zibanejad in Rangers zone.
16:14 of 1st period - Shot by Ryan Lomberg.
16:14 of 1st period - Shot Misses the Net.
16:24 of 1st period - Shot by Kent Johnson.
16:24 of 1st period - Stopped by Linus Ullmark without a rebound.
16:25 of 1st period - Casey Mittelstadt wins face-off versus Calle Jarnkrok in Flyers zone.
16:32 of 1st period - Shot by Casey Mittelstadt.
16:32 of 1st period - Shot Misses the Net.
17:17 of 1st period - Icing by Yegor Chinakhov.
17:18 of 1st period - Casey Mittelstadt wins face-off versus Mika Zibanejad in Rangers zone.
17:25 of 1st period - Joel Farabee is hit by Eric Robinson and loses puck.
17:52 of 1st period - Shot by Nick Bonino.
17:52 of 1st period - Stopped by Linus Ullmark with a rebound.
17:58 of 1st period - Martin Fehervary is hit by Joel Farabee and loses puck.
18:12 of 1st period - Jesse Puljujarvi is hit by Eetu Luostarinen and loses puck.
18:29 of 1st period - Shot by Jared McCann.
18:29 of 1st period - Shot Blocked by Artem Zub.
19:28 of 1st period - Shot by Calle Jarnkrok.
19:28 of 1st period - Shot Misses the Net.
19:30 of 1st period - Shot by Brandon Tanev.
19:30 of 1st period - Stopped by Logan Thompson without a rebound.
19:31 of 1st period - Mika Zibanejad wins face-off versus Yegor Chinakhov in Rangers zone.
19:48 of 1st period - Shot by Casey Mittelstadt.
19:48 of 1st period - Shot Misses the Net.
19:50 of 1st period - Shot by Eric Robinson.
19:50 of 1st period - Shot Misses the Net.
19:54 of 1st period - Shot by Eric Robinson.
19:54 of 1st period - Goal by Eric Robinson - Flyers : 2 - Rangers : 1.
19:55 of 1st period - Luke Kunin wins face-off versus Tomas Tatar in neutral zone.
Goals for this period are 2 for Flyers vs 1 for Rangers.
Shots for this period are 15 for Flyers vs 7 for Rangers.

2nd period


0:01 of 2nd period - Luke Kunin wins face-off versus Mika Zibanejad in neutral zone.
0:15 of 2nd period - Minor Penalty to Joel Farabee for Hooking.
0:16 of 2nd period - Kent Johnson wins face-off versus Eetu Luostarinen in Flyers zone.
0:28 of 2nd period - Off-side.
0:29 of 2nd period - Juuso Parssinen wins face-off versus Eetu Luostarinen in neutral zone.
0:58 of 2nd period - Shot by Jack Quinn.
0:58 of 2nd period - Stopped by Linus Ullmark without a rebound.
0:59 of 2nd period - Eetu Luostarinen wins face-off versus Anthony Beauvillier in Flyers zone.
1:25 of 2nd period - Kent Johnson is hit by Aaron Ekblad and loses puck.
1:59 of 2nd period - Off-side.
2:00 of 2nd period - Juuso Parssinen wins face-off versus Eetu Luostarinen in neutral zone.
2:05 of 2nd period - Shot by Mario Ferraro.
2:05 of 2nd period - Goal by Mario Ferraro - Flyers : 2 - Rangers : 2.
2:06 of 2nd period - Luke Kunin wins face-off versus Sam Lafferty in neutral zone.
2:19 of 2nd period - Shot by Jack Quinn.
2:19 of 2nd period - Shot Misses the Net.
2:24 of 2nd period - Icing by Alex Pietrangelo.
2:25 of 2nd period - Casey Mittelstadt wins face-off versus Kevin Stenlund in Flyers zone.
2:28 of 2nd period - Shot by Casey Mittelstadt.
2:28 of 2nd period - Shot Misses the Net.
3:18 of 2nd period - Alex Pietrangelo is hit by Ryan Lomberg and loses puck.
3:33 of 2nd period - Shot by Juuso Parssinen.
3:33 of 2nd period - Stopped by Linus Ullmark with a rebound.
5:11 of 2nd period - Eetu Luostarinen is hit by Jesse Puljujarvi and loses puck.
5:38 of 2nd period - Jared McCann is hit by Martin Fehervary and loses puck.
6:01 of 2nd period - Shot by Luke Kunin.
6:01 of 2nd period - Stopped by Linus Ullmark without a rebound.
6:02 of 2nd period - Juuso Parssinen wins face-off versus Brandon Tanev in Flyers zone.
6:23 of 2nd period - Shot by Kent Johnson.
6:23 of 2nd period - Stopped by Linus Ullmark without a rebound.
6:24 of 2nd period - Casey Mittelstadt wins face-off versus Mika Zibanejad in Flyers zone.
6:27 of 2nd period - Shot by Yegor Chinakhov.
6:27 of 2nd period - Shot Misses the Net.
6:29 of 2nd period - Shot by Luke Schenn.
6:29 of 2nd period - Deflect By Yegor Chinakhov.
6:29 of 2nd period - Stopped by Linus Ullmark with a rebound.
6:45 of 2nd period - Shot by Johnny Gaudreau.
6:45 of 2nd period - Shot Misses the Net.
7:25 of 2nd period - Shot by Calle Jarnkrok.
7:25 of 2nd period - Shot Misses the Net.
7:38 of 2nd period - Minor Penalty to Brandon Tanev for Tripping.
7:39 of 2nd period - Eetu Luostarinen wins face-off versus Kent Johnson in Flyers zone.
7:48 of 2nd period - Calle Jarnkrok is hit by Anthony Beauvillier and loses puck.
8:13 of 2nd period - Shot by Martin Fehervary.
8:13 of 2nd period - Shot Misses the Net.
8:15 of 2nd period - Shot by Jesse Puljujarvi.
8:15 of 2nd period - Shot Blocked by Vince Dunn.
8:17 of 2nd period - Shot by Martin Fehervary.
8:17 of 2nd period - Shot Blocked by Vince Dunn.
9:30 of 2nd period - Shot by Kent Johnson.
9:30 of 2nd period - Stopped by Linus Ullmark without a rebound.
9:31 of 2nd period - Eetu Luostarinen wins face-off versus Yegor Chinakhov in Flyers zone.
9:31 of 2nd period - Eetu Luostarinen is hit by Yegor Chinakhov.
9:53 of 2nd period - Shot by Cole Smith.
9:53 of 2nd period - Deflect By Sam Lafferty.
9:53 of 2nd period - Stopped by Logan Thompson without a rebound.
9:54 of 2nd period - Mika Zibanejad wins face-off versus Casey Mittelstadt in Rangers zone.
10:08 of 2nd period - Icing by Dante Fabbro.
10:09 of 2nd period - Juuso Parssinen wins face-off versus Mika Zibanejad in Flyers zone.
10:17 of 2nd period - Juuso Parssinen is hit by Erik Johnson and loses puck.
10:28 of 2nd period - Shot by Ryan Lomberg.
10:28 of 2nd period - Stopped by Linus Ullmark without a rebound.
10:29 of 2nd period - Eetu Luostarinen wins face-off versus Jesse Puljujarvi in Flyers zone.
10:31 of 2nd period - Icing by Alex Pietrangelo.
10:32 of 2nd period - Nick Bonino wins face-off versus Eetu Luostarinen in Flyers zone.
11:06 of 2nd period - Eetu Luostarinen is hit by Artem Zub and loses puck.
11:11 of 2nd period - Shot by Eetu Luostarinen.
11:11 of 2nd period - Shot Misses the Net.
11:13 of 2nd period - Shot by Eetu Luostarinen.
11:13 of 2nd period - Stopped by Logan Thompson without a rebound.
11:14 of 2nd period - Ryan Lomberg wins face-off versus Mika Zibanejad in Rangers zone.
11:32 of 2nd period - Shot by Kent Johnson.
11:32 of 2nd period - Shot Misses the Net.
11:34 of 2nd period - Shot by Ryan Lomberg.
11:34 of 2nd period - Shot Misses the Net.
12:19 of 2nd period - Shot by Alex Pietrangelo.
12:19 of 2nd period - Stopped by Logan Thompson without a rebound.
12:20 of 2nd period - Eetu Luostarinen wins face-off versus Casey Mittelstadt in Rangers zone.
12:20 of 2nd period - Eetu Luostarinen is hit by Artem Zub.
12:42 of 2nd period - Shot by Eric Robinson.
12:42 of 2nd period - Deflect By Casey Mittelstadt.
12:42 of 2nd period - Shot Blocked by Alex Pietrangelo.
12:44 of 2nd period - Shot by Eric Robinson.
12:44 of 2nd period - Stopped by Linus Ullmark with a rebound.
12:46 of 2nd period - Shot by Yegor Chinakhov.
12:46 of 2nd period - Stopped by Linus Ullmark without a rebound.
12:47 of 2nd period - Luke Kunin wins face-off versus Calle Jarnkrok in Flyers zone.
12:50 of 2nd period - Shot by Jack Quinn.
12:50 of 2nd period - Stopped by Linus Ullmark without a rebound.
12:51 of 2nd period - Luke Kunin wins face-off versus Calle Jarnkrok in Flyers zone.
12:58 of 2nd period - Shot by Adam Erne.
12:58 of 2nd period - Shot Misses the Net.
13:42 of 2nd period - Adam Erne is hit by Brandon Tanev and loses puck.
14:01 of 2nd period - Off-side.
14:02 of 2nd period - Eetu Luostarinen wins face-off versus Juuso Parssinen in neutral zone.
14:04 of 2nd period - Jared McCann is hit by Ryan Lomberg and loses puck.
14:11 of 2nd period - Icing by Martin Fehervary.
14:12 of 2nd period - Mika Zibanejad wins face-off versus Juuso Parssinen in Rangers zone.
14:12 of 2nd period - Alex Pietrangelo is hit by Martin Fehervary and loses puck.
14:29 of 2nd period - Victor Hedman is hit by Martin Fehervary and loses puck.
14:53 of 2nd period - Icing by Ryan Lomberg.
14:54 of 2nd period - Juuso Parssinen wins face-off versus Jared McCann in Rangers zone.
15:01 of 2nd period - Shot by Ryan Lomberg.
15:01 of 2nd period - Goal by Ryan Lomberg - Flyers : 2 - Rangers : 3.
15:02 of 2nd period - Eetu Luostarinen wins face-off versus Nick Bonino in neutral zone.
15:16 of 2nd period - Off-side.
15:17 of 2nd period - Casey Mittelstadt wins face-off versus Brandon Tanev in neutral zone.
15:38 of 2nd period - Shot by Tomas Tatar.
15:38 of 2nd period - Shot Misses the Net.
17:27 of 2nd period - Off-side.
17:28 of 2nd period - Nick Bonino wins face-off versus Sam Lafferty in neutral zone.
17:52 of 2nd period - Shot by Sam Lafferty.
17:52 of 2nd period - Shot Misses the Net.
17:54 of 2nd period - Shot by Victor Hedman.
17:54 of 2nd period - Shot Blocked by Mario Ferraro.
18:24 of 2nd period - Icing by Mario Ferraro.
18:25 of 2nd period - Mika Zibanejad wins face-off versus Nick Bonino in Rangers zone.
Goals for this period are 0 for Flyers vs 2 for Rangers.
Shots for this period are 3 for Flyers vs 12 for Rangers.

3rd period


0:01 of 3rd period - Mika Zibanejad wins face-off versus Nick Bonino in neutral zone.
1:24 of 3rd period - Shot by Eetu Luostarinen.
1:24 of 3rd period - Stopped by Logan Thompson with a rebound.
1:42 of 3rd period - Luke Schenn is hit by Jared McCann.
2:11 of 3rd period - Brandon Tanev is hit by Mario Ferraro and loses puck.
2:54 of 3rd period - Brandon Tanev is hit by Juuso Parssinen and loses puck.
3:15 of 3rd period - Shot by Johnny Gaudreau.
3:15 of 3rd period - Stopped by Logan Thompson without a rebound.
3:16 of 3rd period - Casey Mittelstadt wins face-off versus Sam Lafferty in Rangers zone.
3:23 of 3rd period - Cole Smith is hit by Eric Robinson and loses puck.
3:38 of 3rd period - Shot by Yegor Chinakhov.
3:38 of 3rd period - Shot Blocked by Sam Lafferty.
4:01 of 3rd period - Icing by Artem Zub.
4:02 of 3rd period - Casey Mittelstadt wins face-off versus Mika Zibanejad in Rangers zone.
4:56 of 3rd period - Minor Penalty to Jesse Puljujarvi for Delaying the game.
4:56 of 3rd period - Minor Penalty to Jared McCann for Tripping.
4:57 of 3rd period - Mika Zibanejad wins face-off versus Casey Mittelstadt in neutral zone.
5:25 of 3rd period - Shot by Mika Zibanejad.
5:25 of 3rd period - Deflect By Johnny Gaudreau.
5:25 of 3rd period - Stopped by Logan Thompson without a rebound.
5:26 of 3rd period - Jake DeBrusk wins face-off versus Nick Bonino in Rangers zone.
5:38 of 3rd period - Off-side.
5:39 of 3rd period - Nick Bonino wins face-off versus Mika Zibanejad in neutral zone.
6:21 of 3rd period - Icing by Nick Bonino.
6:22 of 3rd period - Jake DeBrusk wins face-off versus Nick Bonino in Rangers zone.
6:25 of 3rd period - Shot by Jake DeBrusk.
6:25 of 3rd period - Shot Misses the Net.
6:51 of 3rd period - Shot by Jake DeBrusk.
6:51 of 3rd period - Stopped by Logan Thompson with a rebound.
6:53 of 3rd period - Shot by Aaron Ekblad.
6:53 of 3rd period - Shot Misses the Net.
7:05 of 3rd period - Shot by Kent Johnson.
7:05 of 3rd period - Stopped by Linus Ullmark with a rebound.
7:11 of 3rd period - Shot by Ryan Lomberg.
7:11 of 3rd period - Shot Misses the Net.
8:46 of 3rd period - Icing by Kevin Stenlund.
8:47 of 3rd period - Casey Mittelstadt wins face-off versus Sam Lafferty in Flyers zone.
8:53 of 3rd period - Off-side.
8:54 of 3rd period - Mika Zibanejad wins face-off versus Nick Bonino in neutral zone.
9:30 of 3rd period - Icing by Victor Hedman.
9:31 of 3rd period - Mika Zibanejad wins face-off versus Casey Mittelstadt in Flyers zone.
9:57 of 3rd period - Icing by Artem Zub.
9:58 of 3rd period - Eetu Luostarinen wins face-off versus Casey Mittelstadt in Rangers zone.
9:58 of 3rd period - Eetu Luostarinen is hit by Martin Fehervary.
10:22 of 3rd period - Shot by Eetu Luostarinen.
10:22 of 3rd period - Shot Misses the Net.
10:24 of 3rd period - Shot by Eetu Luostarinen.
10:24 of 3rd period - Stopped by Logan Thompson without a rebound.
10:25 of 3rd period - Juuso Parssinen wins face-off versus Calle Jarnkrok in Rangers zone.
11:17 of 3rd period - Luke Schenn is hit by Victor Hedman and loses puck.
11:21 of 3rd period - Icing by Alex Pietrangelo.
11:22 of 3rd period - Luke Kunin wins face-off versus Tomas Tatar in Flyers zone.
11:25 of 3rd period - Shot by Adam Erne.
11:25 of 3rd period - Stopped by Linus Ullmark without a rebound.
11:26 of 3rd period - Nick Bonino wins face-off versus Mika Zibanejad in Flyers zone.
11:26 of 3rd period - Artem Zub is hit by Aaron Ekblad and loses puck.
11:29 of 3rd period - Shot by Martin Fehervary.
11:29 of 3rd period - Goal by Martin Fehervary - Flyers : 2 - Rangers : 4.
11:30 of 3rd period - Joel Farabee wins face-off versus Luke Kunin in neutral zone.
12:07 of 3rd period - Mika Zibanejad is hit by Artem Zub and loses puck.
12:14 of 3rd period - Shot by Johnny Gaudreau.
12:14 of 3rd period - Shot Blocked by Jack Quinn.
12:44 of 3rd period - Shot by Anthony Beauvillier.
12:44 of 3rd period - Shot Misses the Net.
12:56 of 3rd period - Shot by Jake DeBrusk.
12:56 of 3rd period - Shot Misses the Net.
12:58 of 3rd period - Shot by Dante Fabbro.
12:58 of 3rd period - Shot Misses the Net.
13:00 of 3rd period - Shot by Jake DeBrusk.
13:00 of 3rd period - Shot Misses the Net.
13:02 of 3rd period - Shot by Dante Fabbro.
13:02 of 3rd period - Deflect By Jared McCann.
13:02 of 3rd period - Stopped by Logan Thompson without a rebound.
13:03 of 3rd period - Casey Mittelstadt wins face-off versus Brandon Tanev in Rangers zone.
13:12 of 3rd period - Shot by Casey Mittelstadt.
13:12 of 3rd period - Stopped by Linus Ullmark without a rebound.
13:13 of 3rd period - Calle Jarnkrok wins face-off versus Ryan Lomberg in Flyers zone.
13:34 of 3rd period - Shot by Kent Johnson.
13:34 of 3rd period - Stopped by Linus Ullmark with a rebound.
13:44 of 3rd period - Shot by Juuso Parssinen.
13:44 of 3rd period - Deflect By Kent Johnson.
13:44 of 3rd period - Shot Blocked by Victor Hedman.
14:17 of 3rd period - Minor Penalty to Aaron Ekblad for High sticking.
14:18 of 3rd period - Kent Johnson wins face-off versus Eetu Luostarinen in Flyers zone.
14:23 of 3rd period - Shot by Anthony Beauvillier.
14:23 of 3rd period - Stopped by Linus Ullmark without a rebound.
14:24 of 3rd period - Juuso Parssinen wins face-off versus Eetu Luostarinen in Flyers zone.
14:43 of 3rd period - Shot by Mario Ferraro.
14:43 of 3rd period - Stopped by Linus Ullmark without a rebound.
14:44 of 3rd period - Kent Johnson wins face-off versus Eetu Luostarinen in Flyers zone.
14:47 of 3rd period - Shot by Artem Zub.
14:47 of 3rd period - Stopped by Linus Ullmark without a rebound.
14:48 of 3rd period - Kent Johnson wins face-off versus Eetu Luostarinen in Flyers zone.
14:59 of 3rd period - Shot by Mario Ferraro.
14:59 of 3rd period - Stopped by Linus Ullmark without a rebound.
15:00 of 3rd period - Eetu Luostarinen wins face-off versus Juuso Parssinen in Flyers zone.
15:13 of 3rd period - Shot by Martin Fehervary.
15:13 of 3rd period - Shot Blocked by Vince Dunn.
15:15 of 3rd period - Shot by Martin Fehervary.
15:15 of 3rd period - Stopped by Linus Ullmark without a rebound.
15:16 of 3rd period - Kent Johnson wins face-off versus Eetu Luostarinen in Flyers zone.
15:33 of 3rd period - Shot by Mario Ferraro.
15:33 of 3rd period - Shot Misses the Net.
15:43 of 3rd period - Shot by Kent Johnson.
15:43 of 3rd period - Shot Misses the Net.
15:45 of 3rd period - Shot by Mario Ferraro.
15:45 of 3rd period - Stopped by Linus Ullmark with a rebound.
16:33 of 3rd period - Shot by Vince Dunn.
16:33 of 3rd period - Shot Misses the Net.
16:56 of 3rd period - Shot by Adam Erne.
16:56 of 3rd period - Stopped by Linus Ullmark without a rebound.
16:57 of 3rd period - Casey Mittelstadt wins face-off versus Brandon Tanev in Flyers zone.
19:14 of 3rd period - Icing by Caleb Jones.
19:15 of 3rd period - Eetu Luostarinen wins face-off versus Juuso Parssinen in Rangers zone.
19:27 of 3rd period - Eetu Luostarinen is hit by Riley Stillman and loses puck.
19:40 of 3rd period - Shot by Jared McCann.
19:40 of 3rd period - Stopped by Logan Thompson with a rebound.
Goals for this period are 0 for Flyers vs 1 for Rangers.
Shots for this period are 7 for Flyers vs 12 for Rangers.